 Dungeon Crawl Stone Soup version 0.31-a0-176-g91f28db67f (webtiles) character file.

Game seed: 9034688937213945977

49 Elmgren the Shooter (level 3, -3/21 HPs)
             Began as a Gargoyle Hunter on June 18, 2023.
             Slain by a gnoll
             ... wielding a +0 flail
              (7 damage)
             ... on level 2 of the Dungeon.
             The game lasted 00:02:23 (979 turns).

Elmgren the Shooter (Gargoyle Hunter)                Turns: 979, Time: 00:02:24

Health: -3/21      AC:  8    Str: 14    XL:     3   Next: 75%
Magic:  3/3        EV: 11    Int:  9    God:
Gold:   44         SH:  0    Dex: 15    Spells: 2/2 levels left

rFire   . . .        a - +0 shortbow
rCold   . . .        (shield currently unavailable)
rNeg    + . .        c - +0 leather armour
rPois   ∞            (no helmet)
rElec   +            (no cloak)
rCorr   .            (no gloves)
SInv    .            g - +1 pair of boots
Will    .....        (no amulet)
Stlth   ++           (no ring)
HPRegen 0.23/turn    (no ring)
MPRegen 0.08/turn

%: no passive effects
@: no status effects
A: sickness immunity, AC +3, negative energy resistance 1, electricity
resistance, torment resistance 1, petrification resistance
a: no special abilities


You were on level 2 of the Dungeon.
You visited 1 branch of the dungeon, and saw 2 of its levels.

You collected 44 gold pieces.

Inventory:

Hand Weapons
 a - a +0 shortbow (weapon)
Armour
 c - a +0 leather armour (worn)
 g - a +1 pair of boots (worn)
Scrolls
 b - a scroll of butterflies
Potions
 h - a potion of heal wounds


   Skills:
 - Level 2.1 Fighting
 + Level 5.3 Ranged Weapons
 - Level 1.5 Dodging
 - Level 1.1 Stealth


You had 2 spell levels left.
You didn't know any spells.
Your spell library contained the following spells:

 Spells                   Type           Power      Damage    Failure   Level
 Blink                    Tloc           0%         N/A       61%         2
 Lesser Beckoning         Tloc           0%         N/A       61%         2
 Momentum Strike          Conj/Tloc      0%         3d8       61%         2


Dungeon Overview and Level Annotations

Branches:
Dungeon (2/15)

Altars:


Innate Abilities, Weirdness & Mutations

You are immune to sickness and miasma.
Your stone body is resilient. (AC +3)
You are immune to poison.
You resist negative energy. (rN+)
You are resistant to electric shocks. (rElec)
You are resistant to unholy torment.
You are immune to petrification.


Message History

The gnoll hits the plant with a +0 spear!
You shoot an arrow. The arrow hits the plant.
The plant is lightly damaged.
A nearby plant withers and dies. x2
The gnoll hits the plant with a +0 spear!
A gnoll comes into view. It is wielding a +0 whip. x2
The gnoll hits the plant with a +0 spear.
The plant begins to die.
You shoot an arrow. The arrow closely misses the gnoll.
The gnoll shouts!
The arrow hits the gnoll but does no damage.
A nearby plant withers and dies. x2
The gnoll hits you from afar with a +0 halberd.
The gnoll hits something with a +0 spear!
You shoot an arrow. The arrow barely misses the gnoll.
The arrow hits the gnoll!
The gnoll is severely wounded.
A nearby plant withers and dies. x2; The gnoll barely misses you.
The gnoll hits you but does no damage.
You shoot an arrow. The arrow barely misses the gnoll.
The arrow hits the gnoll.
The gnoll is lightly wounded.
The gnoll hits you from afar with a +0 halberd.
The gnoll hits you but does no damage. The gnoll barely misses you.
The gnoll hits the plant with a +0 spear!
You shoot an arrow. The arrow hits the gnoll.
The gnoll is lightly wounded.
The gnoll hits you but does no damage.
The gnoll hits you from afar with a +0 halberd.
The gnoll hits you with a +0 flail.
* * * LOW HITPOINT WARNING * * *
The gnoll hits the plant with a +0 whip.
The gnoll hits the plant with a +0 spear!
You are too injured to fight recklessly!
The gnoll attacks as you move away! The gnoll closely misses you.
A nearby plant withers and dies.
Something hits the plant.
The plant begins to die.
The gnoll attacks as you move away! The gnoll closely misses you.
The gnoll attacks as you move away! The gnoll hits you with a +0 flail!
You die...

.................
###+#+#.#.######
#.#.#.#.....#
#.#.#.#####.# #.#.#...#
#.# #.#...#.# #.#
#.#.#.#.# #.#
..####.#...#.# #.#
#..(.......#.# #@# ####
#######.####.###g# .....
...............#g##.g....
###.....####[#.#.g.g.PP..
#.###.# #.##gg.... #.#
### #.# ..... #.# #.#
.... #.# ### ... #.# P.


You could see 3 gnolls.

Vanquished Creatures
  3 dart slugs (D:1)
  3 bats (D:1)
  5 endoplasms (D:1)
  A giant cockroach (D:2)
  4 hobgoblins
  3 jackals (D:1)
  3 kobolds (D:1)
  2 quokkas (D:1)
  3 ball pythons (D:1)
  3 frilled lizards (D:1)
  5 goblins (D:1)
  5 rats (D:1)
40 creatures vanquished.

Notes
Turn   | Place    | Note
-------+----------+-------------------------------------------
     0 | D:1      | Elmgren the Gargoyle Hunter began the quest for the Orb.
     0 | D:1      | Reached XP level 1. HP: 12/12 MP: 1/1
   227 | D:1      | Reached XP level 2. HP: 16/17 MP: 2/2
   316 | D:1      | Reached XP level 3. HP: 17/21 MP: 3/3
   376 | D:1      | Reached skill level 5 in Ranged Weapons
   979 | D:2      | Slain by a gnoll

Illustrated notes

Levels and vault maps discovered:
D:1:      dpeg_arrival_tiny_a, layout_basic, serial_bayou, serial_bayou_shore_b,
          serial_bayou_pond_d, serial_bayou_crossing, serial_bayou_pond_b,
          minmay_3d_cube
D:2:      layout_basic, basic_altar, corexii_hall_statues_deadend, minivault_19,
          nicolae_grassy_gnolls

Skill      XL: |  1  2  3 |
---------------+----------+-----
Ranged Weapons | 5 |  5.3
Fighting       | |  2.1
Dodging        | |  1.5
Stealth        | |  1.1

Action                     || total
---------------------------++-------
   Fire: Shortbow          ||   126
    Use: Scroll            ||     5
 Armour: Leather armour    ||    55
  Dodge: Dodged            ||    51

Table legend: (Time is in decaauts)
 A = Elapsed time spent in this place.
 B = Non-inter-level travel time spent in this place.
 C = Inter-level travel time spent in this place.
 D = Time resting spent in this place.
 E = Time spent auto-exploring this place.
 F = Levels seen in this place.
 G = Mean time per level.
                   A        B        C        D        E       F      G
               +--------+--------+--------+--------+--------+-----+--------+
         Total |   1020 |    991 |     29 |     45 |    702 |   2 |  510.0 |
       Dungeon |   1020 |    991 |     29 |     45 |    702 |   2 |  510.0 |
               +--------+--------+--------+--------+--------+-----+--------+

Top non-repeatable levels by time:
     D:1: 950 daAuts
     D:2: 70 daAuts
